Map: [ESL] Glittering Ashes

Players

HeroMarine - Winner!

  • Race: Terran Terran

Lambo

  • Race: Zerg Zerg

VOD

Have the link to the VOD?

Description

Time

  • Played on: Feb. 25, 2022, 5:30 a.m.
  • Length: 15:39
Show
View Real Time Build Order
Export as new Build Order

HeroMarine Terran - Winner!

Build Orders: Reaper Expand, Hellion Banshee 

Get SALT Encoding   

  12  0:00  SCV  
  13  0:12  SCV  
  14  0:16  Supply Depot  
  14  0:24  SCV  
  15  0:38  SCV  
  15  0:39  Barracks  
  16  0:43  Refinery  
  16  0:50  SCV  
  17  1:02  SCV  
  18  1:14  SCV  
  19  1:26  Reaper, Orbital Command  
  20  1:38  Command Center  
  20  1:47  Supply Depot  
  20  1:52  SCV  
  21  1:58  Marine  
  22  2:04  SCV  
  22  2:07  Factory  
  23  2:13  Refinery  
  23  2:16  SCV  
  23  2:20  Barracks Reactor  
  24  2:28  SCV  
  25  2:40  SCV  
  26  2:50  Orbital Command  
  26  2:52  SCV  
  26  2:53  Starport  
  27  3:01  Hellion x2  
  27  3:04  SCV  
  27  3:05  Barracks Tech Lab  
  32  3:16  SCV x2  
  34  3:22  Hellion x2  
  34  3:24  Supply Depot  
  38  3:28  SCV x2  
  40  3:34  Cloaking Field  
  40  3:35  Banshee  
  40  3:40  SCV  
  40  3:41  SCV  
  45  3:46  Hellion x2  
  49  3:48  Supply Depot  
  49  3:52  Barracks Tech Lab, SCV  
  49  3:53  SCV  
  51  4:04  SCV  
  51  4:05  SCV  
  53  4:11  Stimpack  
  53  4:13  Command Center  
  53  4:16  SCV  
  54  4:17  SCV  
  54  4:19  Banshee  
  54  4:21  Factory Reactor  
  58  4:26  Supply Depot  
  58  4:29  SCV  
  58  4:30  SCV  
  60  4:35  Barracks  
  60  4:37  Barracks  
  60  4:42  SCV x2  
  62  4:50  Engineering Bay x2  
  62  4:54  Marine, SCV x2  
  62  4:57  Refinery  
  62  4:58  Refinery  
  65  5:06  SCV x2  
  67  5:11  Marine  
  68  5:16  Starport Reactor  
  68  5:18  Terran Infantry Weapons Level 1, SCV x2  
  70  5:22  Supply Depot  
  70  5:24  Siege Tank  
  70  5:26  Orbital Command  
  73  5:30  SCV x2  
  75  5:37  Supply Depot, Marine x5  
  75  5:42  SCV x2  
  82  5:48  Supply Depot  
  82  5:54  Marine  
  82  5:55  Marine x3  
  86  5:57  Siege Tank, Orbital Command, Medivac x2  
  86  5:59  Combat Shield  
  86  6:02  SCV x2  
  95  6:09  Marine  
  96  6:12  Marine x2  
  96  6:13  Marine  
  96  6:14  SCV x2  
  96  6:15  Marine, Supply Depot  
  102  6:23  SCV  
  103  6:26  SCV x2  
  103  6:27  Marine  
  103  6:30  Siege Tank  
  109  6:35  Supply Depot  
  109  6:37  Marine x3, SCV  
  109  6:38  SCV x2  
  115  6:40  Supply Depot  
  115  6:44  Marine x2  
  117  6:52  Barracks  
  117  6:53  Barracks, Supply Depot  
  117  6:56  Marine x3, Supply Depot, Medivac, SCV x3  
  117  6:59  Medivac  
  125  7:01  Marine  
  125  7:02  Marine  
  127  7:09  SCV x3  
  127  7:13  Supply Depot  
  127  7:14  Marine x3  
  127  7:15  Armory  
  133  7:19  Marine  
  133  7:21  SCV x3  
  133  7:22  Marine  
  138  7:32  Marine x3, Widow Mine, Medivac x2  
  138  7:33  SCV x2  
  138  7:35  Factory, Refinery  
  149  7:37  Marine  
  149  7:40  Marine  
  149  7:41  Refinery  
  151  7:44  Supply Depot  
  151  7:47  Supply Depot  
  151  7:50  Marine x2  
  153  7:53  Terran Infantry Armor Level 1  
  153  7:54  Barracks Reactor x2  
  153  7:55  Marine x2  
  153  7:58  Marine  
  156  8:04  Drilling Claws  
  156  8:05  Terran Infantry Weapons Level 2  
  157  8:06  Widow Mine  
  157  8:12  Command Center, Supply Depot  
  158  8:13  Supply Depot, Marine  
  158  8:14  Marine  
  158  8:15  Supply Depot  
  158  8:18  Terran Vehicle And Ship Armor Level 1  
  160  8:22  Marine  
  160  8:26  Marine x2  
  163  8:29  Factory Reactor  
  163  8:30  Widow Mine, Medivac x2  
  169  8:35  Marine  
  169  8:36  Marine  
  169  8:37  Marine x2  
  169  8:38  Marine x2  
  166  8:50  Marine x3  
  166  8:52  Widow Mine  
  166  8:53  Marine x2  
  166  8:55  Marine x2  
  175  8:56  Barracks x2, Marine x2  
  175  8:57  Barracks  
  175  9:00  Medivac x2  
  181  9:08  Marine x2  
  166  9:12  Widow Mine x2  
  166  9:15  Marine x5  
  166  9:16  Marine x2  
  176  9:25  Marine  
  176  9:26  Marine  
  176  9:29  SCV  
  176  9:30  SCV x2, Medivac x2  
  185  9:33  Marine x4, Widow Mine  
  185  9:34  Siege Tank  
  185  9:35  Widow Mine  
  185  9:36  Sensor Tower  
  185  9:38  Marine x2  
  197  9:41  SCV  
  197  9:42  SCV  
  184  9:55  Widow Mine  
  184  9:57  Marine x3  
  184  9:58  Marauder  
  187  10:01  Marine x2, Planetary Fortress  
  187  10:05  Marine x2  
  187  10:06  Barracks Tech Lab x2  
  191  10:07  Barracks Tech Lab  
  191  10:13  Medivac x2, Widow Mine x2  
  198  10:17  Marine x2  
  198  10:20  Marauder  
  197  10:24  Marine x3  
  197  10:25  Terran Infantry Weapons Level 3, Terran Infantry Armor Level 2  
  197  10:28  Terran Vehicle And Ship Armor Level 2  
  198  10:41  Marauder  
  182  10:44  Marine x4  
  182  10:46  Widow Mine x2  
  182  10:49  Marauder x3  
  196  10:52  Marine x3  
  196  10:55  Marine  
  199  11:02  Marauder  
  188  11:09  Command Center x2  
  188  11:10  Ghost Academy, Marauder x2  
  192  11:13  Marauder  
  194  11:20  Widow Mine x2  
  194  11:25  Marauder  
  200  11:32  Marauder x2  
  185  11:33  Marine x3  
  185  11:34  Marine  
  185  11:35  Medivac x2, Widow Mine  
  185  11:36  Marine x2, Marauder  
  197  11:41  Widow Mine  
  197  11:42  Concussive Shells, Marine  
  187  11:50  Marine  
  187  11:51  Marine x3  
  187  11:53  Marine  
  164  11:55  Marine  
  164  12:01  Ghost x4  
  157  12:02  Siege Tank  
  157  12:04  Widow Mine x2  
  157  12:07  Marine x2  
  169  12:14  Refinery x2  
  169  12:17  Marine  
  168  12:29  Ghost, Marine  
  161  12:30  Ghost x3, Marine x2  
  161  12:31  Orbital Command  
  161  12:32  Orbital Command  
  161  12:33  Marine x3  
  161  12:36  Widow Mine  
  177  12:38  Widow Mine  
  177  12:44  Widow Mine, Terran Vehicle Weapons Level 1  
  181  12:50  Marine x2  
  180  12:51  Marine x2  
  180  12:55  Marine  
  180  12:57  Widow Mine  
  180  12:58  Ghost x3  
  171  12:59  Marauder  
  166  13:12  Liberator  
  165  13:13  Liberator  
  165  13:15  Widow Mine  
  165  13:16  Marine x2  
  165  13:17  Marine x2  
  165  13:18  Marine, Widow Mine  
  165  13:19  Ghost, Marine x2  
  180  13:22  Marine  
  177  13:27  Ghost, Marine  
  177  13:32  Siege Tank  
  179  13:44  Marine x2  
  179  13:46  Marine x2  
  179  13:49  Orbital Command  
  179  13:51  Orbital Command  
  179  13:54  Liberator  
  167  14:04  Cyclone  
  167  14:07  Orbital Command, Marine x2  
  167  14:09  Orbital Command, Marine  
  150  14:26  Marine  
  150  14:27  Marine, Marauder x4  
  150  14:28  Marine  
  150  14:29  Marine x2  
  163  14:38  Widow Mine  
  165  14:39  Widow Mine  
  167  14:47  Widow Mine  
  167  14:48  Marauder x2  
  167  14:52  Marine x2  
  175  14:56  Liberator  
  175  14:59  Widow Mine  
  180  15:01  Marine  
  183  15:11  Marine  
Show
View Real Time Build Order
Export as new Build Order

Lambo Zerg 

Build Orders: Hatch First, Lurkers 

Get SALT Encoding   

  12  0:00  Drone  
  13  0:13  Overlord  
  13  0:17  Drone  
  14  0:31  Drone x2  
  16  0:48  Hatchery  
  15  0:51  Drone  
  15  0:54  Drone  
  17  0:58  Drone  
  18  1:09  Extractor  
  17  1:13  Spawning Pool  
  17  1:16  Drone  
  17  1:20  Drone  
  18  1:29  Drone  
  19  1:39  Drone  
  20  1:49  Drone  
  21  2:00  Zergling x4, Queen x2  
  27  2:11  Drone  
  27  2:12  Overlord  
  28  2:20  Hatchery  
  27  2:23  Drone  
  28  2:31  Drone  
  28  2:33  Drone x2  
  30  2:39  Queen  
  32  2:47  Overlord  
  32  2:50  Metabolic Boost  
  32  2:51  Drone  
  32  2:54  Drone  
  32  2:56  Drone  
  35  3:05  Queen  
  37  3:06  Drone x2  
  37  3:11  Drone x2  
  41  3:15  Drone  
  41  3:16  Drone  
  43  3:20  Overlord  
  43  3:26  Overlord  
  43  3:32  Queen  
  45  3:34  Queen  
  45  3:39  Drone  
  48  3:42  Drone x4  
  48  3:44  Drone x2  
  54  3:50  Zergling x6  
  54  3:51  Zergling x2  
  54  3:52  Zergling x2  
  54  3:54  Drone  
  60  3:57  Overlord  
  60  4:03  Drone  
  60  4:05  Drone  
  60  4:07  Drone  
  60  4:09  Evolution Chamber  
  62  4:11  Queen  
  62  4:15  Overlord, Queen  
  62  4:16  Drone  
  68  4:20  Drone  
  68  4:23  Spore Crawler  
  68  4:25  Drone  
  68  4:26  Drone, Spore Crawler x2  
  68  4:29  Overlord  
  68  4:31  Drone x2  
  68  4:33  Zergling x2  
  71  4:38  Zergling x2  
  71  4:40  Drone  
  71  4:41  Drone x2  
  71  4:42  Drone x2  
  71  4:44  Overlord  
  78  4:45  Drone x2  
  78  4:49  Lair  
  78  4:51  Extractor  
  78  4:56  Baneling Nest, Drone x3  
  78  4:58  Drone x2  
  82  5:01  Overlord  
  82  5:02  Drone  
  82  5:03  Drone  
  82  5:04  Extractor  
  82  5:07  Extractor  
  82  5:08  Drone  
  82  5:11  Drone  
  82  5:12  Drone  
  84  5:14  Drone  
  84  5:16  Extractor  
  82  5:22  Drone x4  
  82  5:23  Drone  
  82  5:25  Drone x5, Extractor  
  82  5:26  Drone  
  82  5:27  Drone  
  93  5:34  Drone  
  93  5:39  Drone x2, Hatchery  
  94  5:43  Spore Crawler  
  94  5:48  Drone x3  
  94  5:49  Evolution Chamber x2  
  94  5:50  Drone  
  94  5:53  Drone x4  
  99  5:58  Centrifugal Hooks  
  99  6:00  Drone  
  99  6:01  Drone x2  
  102  6:05  Zergling x2  
  102  6:14  Overseer  
  102  6:15  Overseer  
  102  6:16  Drone x3  
  102  6:18  Zerg Ground Armor Level 1  
  105  6:19  Baneling x2  
  105  6:20  Baneling, Hydralisk Den, Hatchery  
  105  6:22  Hatchery  
  105  6:23  Zergling x2  
  105  6:24  Zergling x4  
  105  6:32  Overlord  
  105  6:34  Overlord  
  105  6:35  Overlord  
  105  6:36  Overlord x2  
  105  6:38  Overlord x2  
  105  6:40  Overlord  
  105  6:42  Zerg Melee Weapons Level 1  
  105  6:46  Overlord  
  105  6:51  Overlord  
  105  6:54  Zergling x14  
  105  7:00  Zergling x2, Baneling  
  105  7:01  Baneling x2  
  113  7:04  Zergling x10  
  113  7:08  Grooved Spines  
  118  7:09  Zergling x6  
  118  7:12  Zergling x2  
  118  7:14  Baneling x6  
  122  7:15  Zergling x4  
  122  7:22  Overlord  
  119  7:24  Zergling x6  
  119  7:29  Baneling x4  
  121  7:32  Zergling x6  
  121  7:34  Zergling x2  
  125  7:39  Hydralisk x6  
  137  7:46  Hydralisk x5  
  147  7:52  Drone x3  
  150  7:59  Overlord  
  150  8:00  Hydralisk x2  
  150  8:02  Baneling x2  
  154  8:05  Zergling x2  
  154  8:06  Zergling x8  
  154  8:12  Hydralisk x4  
  167  8:17  Drone x6  
  167  8:19  Muscular Augments  
  173  8:22  Drone  
  173  8:23  Pneumatized Carapace  
  171  8:29  Zergling x6  
  171  8:30  Overseer  
  166  8:41  Zergling x20  
  166  8:43  Overseer  
  166  8:45  Drone x4  
  176  8:48  Zergling x4  
  176  8:50  Extractor  
  176  8:52  Baneling  
  176  8:53  Baneling x4  
  176  8:54  Overlord  
  174  8:56  Drone  
  174  8:58  Infestation Pit  
  174  9:01  Overlord  
  174  9:02  Overlord  
  172  9:04  Zergling x14  
  172  9:07  Zergling x2  
  172  9:08  Zergling x4  
  171  9:11  Zergling x12  
  174  9:17  Extractor  
  174  9:22  Zergling x2  
  174  9:23  Zergling x6  
  177  9:24  Baneling x6  
  177  9:27  Zergling x2  
  177  9:28  Hatchery  
  177  9:30  Baneling x8  
  177  9:31  Overseer  
  177  9:33  Zergling x6  
  177  9:36  Hive, Lurker Den  
  179  9:44  Zergling x18  
  186  9:48  Overlord  
  186  9:51  Zergling x6  
  171  9:54  Zergling x2  
  171  9:57  Zergling x2  
  168  10:00  Drone x2  
  168  10:02  Zerg Ground Armor Level 2  
  168  10:03  Zerg Missile Weapons Level 1  
  168  10:07  Zergling x12  
  170  10:14  Drone x4  
  170  10:15  Drone x4  
  170  10:20  Zergling x6  
  180  10:27  Baneling x10  
  180  10:31  Zergling x8  
  180  10:34  Zergling x6  
  185  10:36  Queen  
  185  10:37  Hatchery  
  185  10:39  Zergling x8  
  185  10:41  Zergling x8  
  173  10:43  Zergling x4  
  173  10:46  Zergling x2  
  173  10:48  Zergling x2, Baneling x6  
  173  10:52  Zergling x2, Baneling x7  
  173  10:53  Zergling x2  
  173  10:54  Zergling x2  
  174  10:57  Seismic Spines  
  174  11:00  Hydralisk x3  
  174  11:03  Zergling x2  
  174  11:04  Zergling x4  
  168  11:09  Lurker x2  
  168  11:10  Lurker x6  
  175  11:12  Zergling x4  
  175  11:16  Lurker  
  175  11:23  Zergling x2  
  175  11:24  Zergling x18  
  173  11:34  Overlord  
  173  11:35  Lurker  
  173  11:36  Lurker  
  173  11:38  Lurker  
  173  11:39  Lurker x3  
  179  11:42  Zergling x24  
  184  11:48  Zergling x2  
  184  11:50  Zergling x2  
  184  11:53  Hydralisk x2  
  168  11:57  Hydralisk  
  168  12:01  Adaptive Talons  
  160  12:05  Hydralisk  
  160  12:06  Hydralisk x3  
  167  12:09  Hydralisk x2  
  167  12:14  Hatchery  
  169  12:16  Hydralisk x3  
  169  12:21  Lurker x2  
  176  12:24  Hydralisk x3  
  176  12:28  Hydralisk x2  
  181  12:40  Lurker x5  
  186  12:47  Zergling x14, Hatchery  
  192  12:53  Zerg Ground Armor Level 3  
  170  12:59  Zergling x2  
  170  13:00  Zergling x12  
  170  13:02  Lurker x2  
  171  13:05  Zergling x8  
  171  13:07  Lurker  
  171  13:09  Zergling x6  
  173  13:15  Zergling x2  
  173  13:16  Zergling x10  
  179  13:21  Lurker x3  
  179  13:23  Zergling x6  
  179  13:24  Zergling x2  
  179  13:25  Lurker  
  176  13:27  Zergling x2  
  174  13:36  Hydralisk x5  
  174  13:39  Hydralisk  
  182  13:45  Hydralisk x3  
  182  13:50  Zergling x2  
  182  13:53  Hydralisk x2  
  184  13:57  Zergling x2  
  184  14:00  Zergling x2  
  157  14:07  Lurker x3  
  157  14:09  Hydralisk  
  156  14:14  Hydralisk x3  
  156  14:16  Zergling x4  
  158  14:20  Lurker  
  152  14:24  Zergling x2  
  152  14:25  Zergling x14  
  152  14:28  Lurker x2  
  152  14:30  Zergling x2, Spore Crawler  
  152  14:31  Zergling x12  
  156  14:35  Lurker  
  157  14:39  Zergling x6  
  157  14:44  Lurker x2  
  157  14:45  Zergling x12  
  166  14:48  Zergling x2  
  166  14:50  Lurker x2  
  166  14:51  Zergling x10  
  170  14:56  Zergling x4  
  171  15:01  Zergling x4  
  171  15:02  Zergling x2  
  171  15:05  Zergling x2  
  167  15:09  Lurker  
  167  15:10  Lurker x3  
  167  15:11  Zergling x2  
  167  15:12  Zergling x12  
  167  15:13  Zergling x10  
  177  15:15  Hydralisk  
Tags
 
Add a new tag
Caveats
  • Supply blocks, unpowered buildings, or Contaminate may cause inaccurate times.
  • Supply counts are checked every 10 seconds.